 Dungeon Crawl Stone Soup version 0.28-a0-1493-g08698888e4 (webtiles) character file.

Game seed: 6329335311573400451

8 knot the Chopper (level 2, 24/24 HPs)
             Began as a Demonspawn Berserker on Jan 13, 2022.
             Was a Follower of Trog.
             Quit the game on level 1 of the Dungeon.
             The game lasted 00:00:35 (652 turns).

knot the Chopper (Demonspawn Berserker)              Turns: 652, Time: 00:00:35

Health: 24/24      AC:  4    Str: 17    XL:     2   Next: 0%
Magic:  2/2        EV: 12    Int:  8    God:    Trog [*.....]
Gold:   14         SH:  0    Dex: 12    Spells: 1/1 levels left

rFire   . . .      SeeInvis .   a - +0 hand axe
rCold   . . .      Faith    .   (no shield)
rNeg    . . .      Spirit   .   b - +0 animal skin
rPois   .          Reflect  .   (no helmet)
rElec   .          Harm     .   (no cloak)
rCorr   .          Rampage  .   (no gloves)
Will    .....                   (no boots)
Stlth   +.........              (no amulet)
HPRegen 0.08/turn               (no ring)
MPRegen 0.08/turn               (no ring)

@: no status effects
A: molten scales 1
a: Renounce Religion, Berserk


You were on level 1 of the Dungeon.
You worshipped Trog.
Trog was aware of your devotion.
You visited 1 branch of the dungeon, and saw 1 of its levels.

You collected 14 gold pieces.

Inventory:

Hand Weapons
 a - a +0 hand axe (weapon)
Missiles
 c - 13 sling bullets
Armour
 b - a +0 animal skin (worn)
Jewellery
 f - a ring of magical power
Scrolls
 d - a scroll of acquirement {unknown}
 e - a scroll of blinking {unknown}


   Skills:
 - Level 3.0 Fighting
 + Level 3.2 Axes
 - Level 1.7 Armour
 - Level 1.7 Dodging


You had one spell level left.
You didn't know any spells.
Your spell library contained the following spells:

 Spells                   Type           Power      Damage    Failure   Level
 Gell's Gravitas          Tloc           0%         N/A       78%         3
 Lesser Beckoning         Tloc           0%         N/A       78%         3
 Teleport Other           Tloc           0%         N/A       78%         3


Dungeon Overview and Level Annotations

Branches:
Dungeon (1/15)

Altars:

Shops:
D:1 !


Innate Abilities, Weirdness & Mutations

You are partially covered in molten scales. (AC +2)


Message History

A goblin comes into view. It is wielding a +0 dagger.
The endoplasm quivers.
You hit the endoplasm.
You kill the endoplasm!
Trog accepts your kill.
The goblin shouts!
You hit the goblin.
You kill the goblin!
Trog accepts your kill.
No target in view!
No target in view!
No target in view!
You are caught in the web!
f - a ring of magical power
There is a web here.
You disentangle yourself.
Key pressed, stopping explore.
No target in view!
Found 17 stones.
No target in view!
No target in view!
No target in view!
No target in view!
You see here 17 stones.
You see here 17 stones.
Things that are here:
a +0 dagger; 4 stones
There is an entrance to Ismuoqint's Distillery here.
Found 18 stones.
You see here 18 stones.
You see here 18 stones.
A bat comes into view.
The bat barely misses you.
You hit the bat.
You kill the bat!
Trog accepts your kill.
You have reached level 2!
Your demonic ancestry asserts itself...
Molten scales grow over part of your body.
Are you sure you want to abandon this character and quit the game? (Confirm with "yes".)

......#.#####.#######
#######.#........####
##.#.#.#........ #
#......#..#.....
.#.######...........####
..........####.#.#......
..........# ###.#.#####
..........#### #.#......
.......@..##.# #.#.#####
.#.######.##.###.#.#####
#.............#.#.#####
########.##.#.#.#.#...#
######.(...#.#.#.#.⌠.#
##...##..##.#.#.#.#...#
#...........#.#.#.#####
#....#.#....#.#.#......
#...##.####.#.#.#......


There were no monsters in sight!

Vanquished Creatures
  2 endoplasms (D:1)
  2 bats (D:1)
  2 frilled lizards (D:1)
  A goblin (D:1)
  A kobold (D:1)
  2 rats (D:1)
10 creatures vanquished.

Notes
Turn   | Place    | Note
-------+----------+-------------------------------------------
     0 | D:1      | knot the Demonspawn Berserker began the quest for the Orb.
     0 | D:1      | Reached XP level 1. HP: 18/18 MP: 1/1
    28 | D:1      | Found Ismuoqint's Distillery.
   652 | D:1      | Gained mutation: You are partially covered in molten
                  | scales. (AC +2) [demonic ancestry]
   652 | D:1      | Reached XP level 2. HP: 24/24 MP: 2/2
   652 | D:1      | Quit the game

Illustrated notes

Levels and vault maps discovered:
D:1:      minmay_arrival_glassed_features, layout_basic, serial_shops, shop,
          hellmonk_ecumenical_altar_heavens_door, corner_web_ring

Skill      XL: |  1 |
---------------+----+-----
Axes           | 3 |  3.2
Fighting       | |  3.0
Armour         | |  1.7
Dodging        | |  1.7

Action                   || total
-------------------------++-------
Melee: Hand axe          ||    21
Armor: Animal skin       ||     2
Dodge: Dodged            ||    13

Table legend: (Time is in decaauts)
 A = Elapsed time spent in this place.
 B = Non-inter-level travel time spent in this place.
 C = Inter-level travel time spent in this place.
 D = Time resting spent in this place.
 E = Time spent auto-exploring this place.
 F = Levels seen in this place.
 G = Mean time per level.
                   A        B        C        D        E       F      G
               +--------+--------+--------+--------+--------+-----+--------+
         Total |    655 |    655 |      0 |      0 |    584 |   1 |  655.0 |
       Dungeon |    655 |    655 |      0 |      0 |    584 |   1 |  655.0 |
               +--------+--------+--------+--------+--------+-----+--------+

Top non-repeatable levels by time:
     D:1: 655 daAuts
